 Dungeon Crawl Stone Soup version 0.27-a0-1200-g94dc6ad4cf (webtiles) character file.

Game seed: 17131798286743826494

7723 quinnr the Thaumaturge (level 11, -10/126 HPs)
             Began as a Djinni Ice Elementalist on June 1, 2021.
             Was a Follower of Qazlal.
             Mangled by a shadow (23 damage)
             ... on level 9 of the Dungeon.
             The game lasted 00:43:01 (14482 turns).

quinnr the Thaumaturge (Djinni Ice Elementalist)   Turns: 14482, Time: 00:43:02

Health: -10/126    AC: 25    Str:  7    XL:     11   Next: 42%
Gold:   190        EV:  2    Int: 20    God:    Qazlal [*.....] SH:  2 Dex: 16

rFire    + . .     SeeInvis .   t - +4 mace "Usid" {holy, +Rage}
rCold    + . .     Faith    +   (no shield)
rNeg     + + +     Spirit   .   (armour currently unavailable)
rPois    ∞         Reflect  .   (helmet currently unavailable)
rElec    .         Harm     .   (cloak currently unavailable)
rCorr    .         Rampage  .   (gloves currently unavailable)
Will     +....     NoTele   +   (boots unavailable)
Stlth    ++........             u - amulet of faith
HPRegen  0.31/turn              w - ring of protection from cold
MPRegen  0.00/turn              E - ring "Tofudex" {Wiz rF+ rN+ Dex+2}

@: tree-form, freezing walls
A: stationary, stasis, torment immunity, boosted hp, sickness immunity, (fire
resistance 2), (cold vulnerability 1), float, innate caster, hp casting, extra
vitality 1
a: Renounce Religion, Evoke Berserk Rage


You were on level 9 of the Dungeon.
You worshipped Qazlal.
Qazlal was aware of your devotion.
You were a tree.
You visited 1 branch of the dungeon, and saw 9 of its levels.

You collected 540 gold pieces.
You spent 350 gold pieces at shops.

Inventory:

Hand Weapons
 o - a +1 dagger of venom
 s - the +6 war axe "Fuoq" {pain, rElec Will+ Dex-4}
   (You found it on level 5 of the Dungeon)

   In the hands of one skilled in necromantic magic, it inflicts extra damage on
   living creatures.
   It affects your dexterity (-4).
   It insulates you from electricity.
   It increases your willpower.
 t - the +4 mace "Usid" (weapon) {holy, +Rage}
   (You found it on level 4 of the Dungeon)

   It has been blessed by the Shining One to cause great damage to the undead
   and demons.
   It lets you go berserk.
 y - a +3 whip of freezing
Missiles
 c - 3 curare-tipped darts
 f - 270 stones
 h - 71 poisoned darts
 O - 2 throwing nets
Armour
 a - a +0 robe (melded)
 g - a +1 pair of gloves (melded)
 G - a +0 cloak (melded)
Jewellery
 p - an amulet of guardian spirit
 u - an amulet of faith (around neck)
 w - a ring of protection from cold (left branch)
 A - a +6 ring of intelligence
 E - the ring "Tofudex" (right branch) {Wiz rF+ rN+ Dex+2}
   (You found it on level 7 of the Dungeon)

   [ring of wizardry]

   It improves your spell success rate.
   It affects your dexterity (+2).
   It protects you from fire.
   It protects you from negative energy.
 N - an amulet of regeneration
Wands
 n - a wand of flame (7)
 v - a wand of iceblast (5)
 D - a wand of mindburst (10)
Scrolls
 b - 2 scrolls of enchant weapon
 j - a scroll of silence {unknown}
 k - a scroll of fear
 q - a scroll of noise
 r - 2 scrolls of magic mapping
 C - a scroll of amnesia {unknown}
 F - a scroll of blinking {unknown}
 H - 2 scrolls of vulnerability
 K - a scroll of immolation
 L - a scroll of acquirement {unknown}
 M - a scroll of fog {unknown}
Potions
 d - a potion of cancellation
 i - 2 potions of mutation
 m - 3 potions of brilliance
 x - a potion of curing
 I - a potion of resistance


   Skills:
 - Level 9.0 Fighting
 + Level 6.8 Dodging
 - Level 1.5 Stealth
 - Level 10.0 Spellcasting
 - Level 5.0 Evocations


You couldn't memorise any spells.
You knew the following spells:

 Your Spells              Type           Power      Damage    Failure   Level
a - Freeze                Ice            100%       1d11      1%          1
b - Frozen Ramparts       Ice            100%       1d12      1%          3
c - Ozocubu's Armour      Ice            50%        N/A       1%          3
d - Hailstorm             Conj/Ice       50%        3d11      1%          4
e - Metabolic Englaciati  Hex/Ice        25%        N/A       1%          5
f - Magic Dart            Conj           100%       1d8       1%          1
g - Slow                  Hex            50%        N/A       1%          2
h - Corpse Rot            Necr/Air       N/A        N/A       1%          2
i - Petrify               Tmut/Erth      50%        N/A       1%          4
j - Lee's Rapid Deconstr  Erth           25%        3d15*     1%          5
Your spell library was empty.

Dungeon Overview and Level Annotations

Branches:
Dungeon (9/15)             Temple (0/1) D:7
   Lair: D:8-11         Orc: D:9-12

Altars:
Qazlal

Shops:
D:4 :   D:8 !


Innate Abilities, Weirdness & Mutations

You are a tree.
Your roots penetrate the ground, keeping you stationary.
You cannot be teleported.
You are immune to unholy pain and torment.
Your maximum health is greatly increased.
Your equipment is partially melded.
You are immune to sickness and miasma.
You are immune to poison.
((Your flesh is very heat resistant. (rF++)))
((You are vulnerable to cold. (rC-)))
You float through the air rather than walking.
You learn spells naturally, not from books.
Your magical power is your life essence.
You have superior vitality. (+4 HP)


Message History

Unknown command.
Okay, then.
Unknown command.
Unknown command.
As you read the scroll of fear, it crumbles to dust.
You assume a fearsome visage.
The shadow is unaffected.
The two-headed ogre easily resists.
The shadow completely resists.
The wall freezes the shadow but does no damage.
The shadow hits you.
* * * LOW HITPOINT WARNING * * *
Unknown command.
Okay, then.
Unknown command.
You feel better.
The shadow completely resists.
The wall freezes the shadow but does no damage.
The shadow hits you.
Casting: Magic Dart (safe; 1% risk of failure)
Confirm with . or Enter, or press ? or * to list all spells.
Aiming: Lee's Rapid Deconstruction (mildly dangerous; 1% risk of failure)
Press: ? - help, Dir - move target, f - two-headed ogre, p - shadow Fragment what (e.g. wall or brittle monster)?: a two-headed ogre, wielding a +0 giant club and a +0 giant spiked club (petrified)
The two-headed ogre shatters!
The two-headed ogre is lightly wounded.
* * * LOW HITPOINT WARNING * * *
The shadow completely resists.
The wall freezes the shadow but does no damage.
The shadow slips into darkness.
The shadow flickers and vanishes!
Deactivating autopickup; reactivate with Ctrl-A.
Unknown command.
Unknown command.
Casting: Lee's Rapid Deconstruction (mildly dangerous; 1% risk of failure)
Confirm with . or Enter, or press ? or * to list all spells.
Okay, then.
As you read the scroll labelled FONUPT REDD, it crumbles to dust.
It is a scroll of enchant armour.
Your +0 pair of gloves glows green for a moment.
The wall freezes something but does no damage.
The shadow strikes at you from the darkness!
You die...

.......#...#...#...#
.......#...#...#...# ...
.......#...#...#...#.....
######.#.#.#..##..##.....
#.[.#...............
#...#.).............
#...#[.............
#...#..)......O....
#####.....#♣§.#######
.........#{§.......#.
..........#...........
...........#.....#####
:..........#...†##
...........#...#.
...........#..###† #.##
.# #. .


You could see a two-headed ogre (petrified).

Vanquished Creatures
  Harold (D:8)
  A hydra (D:9)
  A boulder beetle (D:9)
  2 two-headed ogres
  Pikel (D:4)
  The ghost of robertstho the Magician, a novice DjFE (D:5)
  The ghost of deifeln the Cudgeller, a novice GrFi of Jiyva (D:6)
  A yak (D:9)
  3 steam dragons
  A water moccasin (D:5)
  A black bear (D:5)
  An ice beast (D:6)
  2 orc warriors
  3 ogres
  A necrophage (D:8)
  3 centaurs (D:8)
  A lemure (D:5)
  A phantom (D:6)
  A wyvern zombie (D:7)
  3 bullfrogs
  2 scorpions
  5 killer bees (D:8)
  9 wights
  A howler monkey (D:3)
  A centaur zombie (D:7)
  2 jellies
  3 orc priests
  A hound (D:7)
  A bullfrog skeleton (D:6)
  2 gnoll shamans
  A centaur skeleton (D:7)
  Ijyb (D:3)
  2 iguanas
  2 orc wizards (D:6)
  2 hound zombies (D:5)
  2 howler monkey zombies
  8 gnolls
  6 adders
  3 white imps
  A worm (D:2)
  A dart slug (D:4)
  24 orcs
  5 ball pythons
  6 endoplasms
  3 giant cockroaches
  4 goblins
  7 hobgoblins
  11 jackals
  3 quokkas
  8 bats
  6 kobolds
  8 rats
171 creatures vanquished.

Notes
Turn   | Place    | Note
-------+----------+-------------------------------------------
     0 | D:1      | quinnr the Djinni Ice Elementalist began the quest for the
                  | Orb.
     0 | D:1      | Reached XP level 1. HP: 15/15 MP: 0/0
   297 | D:1      | Reached XP level 2. HP: 19/21 MP: 0/0
   899 | D:1      | Reached XP level 3. HP: 24/25 MP: 0/0
   899 | D:1      | Learned a level 1 spell: Magic Dart
  1233 | D:1      | Reached skill level 4 in Spellcasting
  1744 | D:2      | Found a faded altar of an unknown god.
  1884 | D:2      | Noticed a scorpion
  1890 | D:2      | Killed a scorpion
  1891 | D:2      | Reached XP level 4. HP: 10/31 MP: 0/0
  1891 | D:2      | Reached XP level 5. HP: 12/35 MP: 0/0
  1891 | D:2      | Learned a level 2 spell: Slow
  3055 | D:3      | Reached skill level 5 in Spellcasting
  3384 | D:3      | Noticed Ijyb
  3401 | D:3      | Killed Ijyb
  3402 | D:3      | Reached XP level 6. HP: 17/40 MP: 0/0
  4549 | D:5      | Entered Level 5 of the Dungeon
  4704 | D:4      | Noticed an ogre
  4729 | D:4      | Killed an ogre
  4811 | D:4      | Identified the +4 mace "Usid" {holy, +Rage}
  4968 | D:4      | Found Daijiari's Book Shoppe.
  5211 | D:4      | Reached skill level 6 in Spellcasting
  5211 | D:4      | Reached XP level 7. HP: 33/45 MP: 0/0
  5211 | D:4      | Learned a level 2 spell: Corpse Rot
  5584 | D:5      | Noticed a water moccasin
  5589 | D:5      | Killed a water moccasin
  5751 | D:5      | Noticed Pikel
  5782 | D:4      | Killed Pikel
  5783 | D:4      | Reached skill level 7 in Spellcasting
  5783 | D:4      | Reached XP level 8. HP: 25/50 MP: 0/0
  6066 | D:5      | Reached skill level 8 in Spellcasting
  6589 | D:5      | Found a runed translucent door.
  6589 | D:5      | Noticed a two-headed ogre
  6589 | D:5      | Noticed robertstho's ghost (novice DjFE)
  7046 | D:5      | Reached skill level 1 in Fighting
  7698 | D:6      | Reached XP level 9. HP: 37/58 MP: 0/0
  7698 | D:6      | Learned a level 4 spell: Petrify
  7959 | D:6      | Found a transporter.
  7963 | D:6      | Noticed deifeln's ghost (novice GrFi)
  7964 | D:6      | Identified the +4 dire flail of Hostrokia {vorpal, Dex+7}
  7964 | D:6      | Noticed a two-headed ogre
  7966 | D:6      | Found a transporter.
  8249 | D:6      | Reached skill level 9 in Spellcasting
  9055 | D:7      | Identified the ring "Tofudex" {Wiz rF+ rN+ Dex+2}
  9262 | D:7      | Found a stormy altar of Qazlal.
  9662 | D:7      | Became a worshipper of Qazlal Stormbringer
 10380 | D:7      | Found a staircase to the Ecumenical Temple.
 11079 | D:8      | Reached skill level 10 in Spellcasting
 11889 | D:8      | Found Meetodea's Distillery.
 11947 | D:8      | Reached XP level 10. HP: 56/69 MP: 0/0
 11953 | D:8      | Reached skill level 5 in Fighting
 11981 | D:8      | Bought a potion of resistance for 140 gold pieces
 11981 | D:8      | Bought a potion of curing for 42 gold pieces
 11981 | D:8      | Bought a potion of might for 56 gold pieces
 11981 | D:8      | Bought a potion of invisibility for 112 gold pieces
 12164 | D:8      | Reached * piety under Qazlal
 12449 | D:8      | Noticed Harold
 13350 | D:5      | Killed robertstho's ghost
 13354 | D:5      | Killed a two-headed ogre
 13523 | D:5      | Identified the +6 war axe "Fuoq" {pain, rElec Will+ Dex-4}
 13742 | D:8      | Killed Harold
 13743 | D:8      | Reached skill level 1 in Evocations
 14038 | D:6      | Killed deifeln's ghost
 14041 | D:6      | Reached XP level 11. HP: 55/84 MP: 0/0
 14041 | D:6      | Learned a level 5 spell: Lee's Rapid Deconstruction
 14042 | D:6      | Killed a two-headed ogre
 14347 | D:9      | Reached skill level 5 in Dodging
 14457 | D:9      | Noticed a four-headed hydra
 14459 | D:9      | Noticed a boulder beetle
 14462 | D:9      | Killed a four-headed hydra
 14466 | D:9      | Killed a boulder beetle
 14467 | D:9      | Reached skill level 5 in Evocations
 14471 | D:9      | Noticed a two-headed ogre
 14482 | D:9      | Mangled by a shadow

Illustrated notes

Levels and vault maps discovered:
D:1:      co_arrival_random_square_maze, layout_basic, minmay_misc_feat_encased,
          minmay_stone_trees_small
D:2:      layout_loops_ring, chequers_ecumenical_altar_simple, minivault_27
D:3:      layout_loops_corners, uniq_ijyb
D:4:      layout_loops_ring, serial_shops, shop
D:5:      layout_layer_cave, ebering_ghost_inner_flame,
          chequers_serial_rivers_micro_d, uniq_pikel
D:6:      layout_basic, gammafunk_ghost_smash
D:7:      layout_basic, nicolae_qazlal_eye_of_the_storm, temple_doors_cd,
          corner_web_ring, hangedman_decor_peaks_small
D:8:      layout_cave_pools, kennysheep_windowed_goal, uniq_harold
D:9:      layout_grid_maze, serial_shops, shop, minmay_ruined_shrine

Skill      XL: |  1  2  3  4  5  6  7  8  9 10 11 |
---------------+----------------------------------+-----
Spellcasting   | 4 5 6 7 8 10 | 10.0
Fighting       | 2 4 9 |  9.0
Dodging        | 3 6 |  6.8
Evocations     | 2 5 |  5.0
Stealth        | |  1.5

Action                   |  1- 3 |  4- 6 |  7- 9 | 10-12 || total
-------------------------+-------+-------+-------+-------++-------
Melee: Unarmed           |       |    21 |       |       ||    21
       Dagger            |       |    12 |       |       ||    12
       Whip              |       |       |     1 |       ||     1
 Cast: Freeze            |    53 |    11 |    48 |    20 ||   132
       Frozen Ramparts   |     5 |    20 |    20 |     8 ||    53
       Ozocubu's Armour  |     1 |     1 |     9 |     3 ||    14
       Magic Dart        |       |    30 |   198 |    51 ||   279
       Slow              |       |    14 |    30 |    11 ||    55
       Hailstorm         |       |     1 |    17 |    28 ||    46
       Petrify           |       |       |    13 |     1 ||    14
       Metabolic Englaci |       |       |     3 |     1 ||     4
       Corpse Rot        |       |       |     1 |     1 ||     2
       Lee's Rapid Decon |       |       |       |     2 ||     2
  Use: Scroll            |       |       |    11 |     6 ||    17
       Potion            |       |       |     1 |     8 ||     9
Armor: Robe              |     7 |     8 |    31 |     5 ||    51
       Skin              |       |       |       |     4 ||     4
Dodge: Dodged            |    23 |    27 |    74 |    24 ||   148
Block: Other             |       |       |       |     2 ||     2

Table legend: (Time is in decaauts)
 A = Elapsed time spent in this place.
 B = Non-inter-level travel time spent in this place.
 C = Inter-level travel time spent in this place.
 D = Time resting spent in this place.
 E = Time spent auto-exploring this place.
 F = Levels seen in this place.
 G = Mean time per level.
                   A        B        C        D        E       F      G
               +--------+--------+--------+--------+--------+-----+--------+
         Total |  14477 |  13722 |    755 |   3415 |   8579 |   9 | 1608.6 |
       Dungeon |  14477 |  13722 |    755 |   3415 |   8579 |   9 | 1608.6 |
               +--------+--------+--------+--------+--------+-----+--------+

Top non-repeatable levels by time:
     D:7: 3022 daAuts
     D:6: 2017 daAuts
     D:5: 1908 daAuts
     D:8: 1661 daAuts
     D:2: 1619 daAuts
     D:3: 1455 daAuts
     D:1: 1393 daAuts
     D:4: 1318 daAuts
     D:9: 81 daAuts
